 Dungeon Crawl Stone Soup version 0.31.0-12-g77e489cdc1 (webtiles) character file.

Game seed: 14105022562838850339

242 hawla the Ducker (level 5, 0/45 HPs)
             Began as a Minotaur Fighter on Feb 18, 2024.
             Was an Initiate of Yredelemnul.
             Slain by a gnoll
             ... wielding a +0 halberd
             ... led by a gnoll bouda
              (5 damage)
             ... on level 4 of the Dungeon on Feb 19, 2024.
             The game lasted 00:03:50 (2678 turns).

hawla the Ducker (Minotaur Fighter)                 Turns: 2678, Time: 00:03:51

Health: 0/45       AC:  6    Str: 21    XL:     5   Next: 82%
Magic:  4/4        EV: 11    Int:  5    God:    Yredelemnul [......]
Gold:   155        SH:  5    Dex: 11    Spells: 4/4 levels left

rFire   . . .        a - +0 long sword
rCold   . . .        c - +0 buckler
rNeg    . . .        b - +0 scale mail
rPois   .            (helmet restricted)
rElec   .            (no cloak)
rCorr   .            (no gloves)
SInv    .            (no boots)
Will    .....        (no amulet) Stlth
                     (no ring)
HPRegen 0.27/turn    (no ring)
MPRegen 0.09/turn

%: no passive effects
@: no status effects
A: horns 2, retaliatory headbutt
a: Renounce Religion, Recall Undead Harvest


You were on level 4 of the Dungeon.
You worshipped Yredelemnul.
Yredelemnul was noncommittal.
You visited 1 branch of the dungeon, and saw 4 of its levels.

You collected 155 gold pieces.

Inventory:

Hand Weapons
 a - a +0 long sword (weapon)
Missiles
 m - 6 poisoned darts (quivered)
Armour
 b - a +0 scale mail (worn)
 c - a +0 buckler (worn)
Jewellery
 f - a ring of willpower
 j - a ring of ice
Scrolls
 g - a scroll of enchant armour
 h - 2 scrolls of teleportation
 n - a scroll of vulnerability
 o - a scroll of poison {unknown}
 p - a scroll of immolation {unknown}
 q - a scroll of brand weapon {unknown}
 r - a scroll of noise {unknown}
 s - 3 scrolls of blinking {unknown}
Potions
 d - 2 potions of might
 e - 3 potions of lignification {unknown}
 i - a potion of mutation {unknown}
 k - 2 potions of heal wounds {unknown}
 l - a potion of cancellation {unknown}


   Skills:
 - Level 3.6 Fighting
 - Level 2.4 Long Blades
 - Level 3.6 Armour
 + Level 5.4 Dodging
 - Level 5.0 Shields


You had 4 spell levels left.
You didn't know any spells.
Your spell library was empty.

Dungeon Overview and Level Annotations

Branches:
Dungeon (4/15)
 Temple: D:4-7

Altars:
Ru
Wu Jian
Yredelemnul

Shops:
D:3 [

Annotations:
D:4 1 runed translucent door, Crazy Yiuf


Innate Abilities, Weirdness & Mutations

You have a pair of horns on your head.
You reflexively headbutt those who attack you in melee.


Message History

You hit the gnoll.
The gnoll is moderately wounded.
The gnoll hits you with a +0 whip.
The gnoll bouda barks out a call to the hunt!
The gnolls pick up the pace!
The gnoll barely misses you.
You are too injured to fight recklessly!
You are too injured to fight recklessly!
Unknown command.
Something bites your jackal zombie.
Your adder zombie barely misses the gnoll.
The gnoll closely misses you.
You hit the gnoll. You headbutt the gnoll!
You kill the gnoll!
Your adder zombie barely misses the gnoll.
The jackal bites you.
The gnoll hits you from afar with a +0 spear.
The gnoll misses you.
A gnoll comes into view. It is wielding a +0 spear.
Your adder zombie closely misses the gnoll.
The jackal bites you.
The gnoll hits your goblin zombie with a +0 halberd.
The gnoll hits your goblin zombie with a +0 spear!
Your goblin zombie is destroyed!
The jackal barely misses you. You furiously retaliate!
You headbutt the jackal!
You kill the jackal!
Your adder zombie bites the gnoll but does no damage.
The gnoll hits you from afar with a +0 spear.
The gnoll misses you.
Your adder zombie bites the gnoll.
Your jackal zombie bites the gnoll.
You swap places.
The gnoll hits you with a +0 halberd!
* * * LOW HITPOINT WARNING * * *
The gnoll hits your adder zombie with a +0 spear.
Your adder zombie bites the gnoll but does no damage.
You see here a +0 whip.
You barely miss the gnoll.
The gnoll is heavily wounded.
The gnoll hits you with a +0 halberd.
You die...
Your body rises from the dead as a mindless zombie.

.....#### .## .... .....##..
... ... .....##.####.###..
.....##.#........
.[...##.#.##.#..
........#.##.#.####.##
######..#.##.#..Zh....
#.......#.##...####.####
#.##>..........Z@gg.....
#...............Zgg.....
#....#########.####..... $
#.#####......##################
.
................:........)....#
.
#.#....................######.#
#.#.###......####...........#.#
#.#.########## ######.####.#.#
#.#..'# ### #.#.#


You could see a gnoll bouda, 3 gnolls, a friendly adder zombie and a friendly
jackal zombie.

Vanquished Creatures
  An ogre (D:4)
  A scorpion (D:4)
  A gnoll (D:4)
  3 adders
  2 dart slugs
  8 ball pythons
  6 endoplasms
  2 giant cockroaches (D:1)
  4 goblins
  9 hobgoblins
  6 jackals
  7 kobolds
  2 quokkas
  4 bats
  3 frilled lizards (D:1)
  6 rats
65 creatures vanquished.

Vanquished Creatures (collateral kills)
  A rat (D:3)
1 creature vanquished.

Vanquished Creatures (others)
  A goblin zombie (D:4)
1 creature vanquished.

Grand Total: 67 creatures vanquished

Notes
Turn   | Place    | Note
-------+----------+-------------------------------------------
     0 | D:1      | hawla the Minotaur Fighter began the quest for the Orb.
     0 | D:1      | Reached XP level 1. HP: 19/19 MP: 0/0
   121 | D:1      | Reached XP level 2. HP: 26/26 MP: 1/1
   361 | D:1      | Reached skill level 5 in Shields
   381 | D:1      | Reached XP level 3. HP: 31/31 MP: 2/2
   408 | D:1      | Reached skill level 1 in Dodging
  1542 | D:3      | Reached XP level 4. HP: 28/39 MP: 3/3
  1763 | D:3      | Found an ornate altar of the Wu Jian Council.
  1797 | D:3      | Found a basalt altar of Yredelemnul.
  1844 | D:3      | Found Peos's Armour Shoppe.
  1884 | D:3      | Became a worshipper of Yredelemnul the Dark
  1947 | D:3      | Found a sacrificial altar of Ru.
  2335 | D:4      | Noticed a scorpion
  2340 | D:4      | Killed a scorpion
  2341 | D:4      | Reached XP level 5. HP: 33/45 MP: 4/4
  2429 | D:4      | Noticed an ogre
  2434 | D:4      | Killed an ogre
  2435 | D:4      | Reached skill level 5 in Dodging
  2605 | D:4      | Found a runed translucent door.
  2606 | D:4      | Noticed Crazy Yiuf
  2678 | D:4      | Slain by a gnoll

Illustrated notes

Levels and vault maps discovered:
D:1:      psy_arrival_basics, layout_loops_ring, chequers_serial_rivers_micro_b
D:2:      layout_loops_ring
D:3:      layout_loops_cross, mainiacjoe_overflow_24_doors,
          mainiacjoe_overflow_alcove_4, pdpol_wu_jian_five_deadly_venoms,
          serial_shops, shop
D:4:      layout_basic, uniq_ijyb, uniq_crazy_yiuf_cottage

Skill      XL: |  1  2  3  4  5 |
---------------+----------------+-----
Shields        | 4 5 |  5.0
Dodging        | 2 4 5 |  5.4
Fighting       | |  3.6
Long Blades    | |  2.4
Armour         | |  3.6

Action                     |  1- 3 |  4- 6 || total
---------------------------+-------+-------++-------
  Melee: Long sword        |   106 |    38 ||   144
         Headbutt          |    15 |     5 ||    20
    Use: Scroll            |       |     3 ||     3
 Armour: Scale mail        |    62 |    45 ||   107
  Dodge: Dodged            |    43 |    29 ||    72
  Block: Buckler           |    36 |     8 ||    44
